 Dungeon Crawl Stone Soup version 0.25-a0-577-ga4619f409e (webtiles) character file.

Game seed: 17968091754803116427, levelgen mode: deterministic

21 Forecaster the Magician (level 2, -4/22 HPs)
             Began as a Naga Wizard on Mar 2, 2020.
             Was a Follower of Nemelex Xobeh.
             Slain by Grinder (11 damage)
             ... on level 5 of the Dungeon.
             The game lasted 00:06:28 (1057 turns).

Forecaster the Magician (Naga Wizard)               Turns: 1057, Time: 00:06:29

Health: -4/22      AC:  1    Str:  9    XL:     2   Next: 83%
Magic:  2/6        EV: 10    Int: 18    God:    Nemelex Xobeh [*.....]
Gold:   135        SH:  0    Dex:  9    Spells: 3/8 levels left

rFire    x . .     SeeInvis +   o - +1 whip (vamp)
rCold    + . .     Gourm    .   (no shield)
rNeg     . . .     Faith    .   k - +0 robe (curse)
rPois    +         Spirit   .   b - +0 hat
rElec    .         Reflect  .   (no cloak)
rCorr    .         Harm     .   (no gloves)
MR       .....                  (no barding)
Stlth    ++........             (no amulet)
HPRegen  0.07/turn              u - ring of ice
MPRegen  0.10/turn              (no ring)

@: very slightly contaminated, very slow
A: large, see invisible, deformed body, poison resistance, slowness 2, slow
metabolism 1, spit poison 1, AC +0
a: Spit Poison, Draw Escape, Draw Destruction, Draw Summoning, Renounce Religion


You were on level 5 of the Dungeon.
You worshipped Nemelex Xobeh.
Nemelex Xobeh was aware of your devotion.
You were not hungry.

You visited 1 branch of the dungeon, and saw 4 of its levels.

You collected 135 gold pieces.

Inventory:

Hand Weapons
 c - a +0 whip
 h - a +0 dagger
 l - a +0 dagger of protection
 o - a +1 vampiric whip (weapon)
 r - a +3 short sword
Missiles
 i - 15 bolts
 q - 107 stones (quivered)
Armour
 a - a +0 robe
 b - a +0 hat (worn)
 e - a +0 leather armour
 k - a cursed +0 robe (worn)
Jewellery
 j - an uncursed ring of see invisible
 u - a ring of ice (left hand)
Scrolls
 g - a scroll of teleportation {unknown}
 n - 2 scrolls of identify {unknown}
 p - 3 scrolls of remove curse {unknown}
 v - a scroll of amnesia {unknown}
Potions
 m - 3 potions of brilliance {unknown}
 t - a potion of berserk rage {unknown}
Comestibles
 d - 4 rations


   Skills:
 + Level 1.8 Dodging
 + Level 3.1 Stealth
 + Level 3.6 Spellcasting
 + Level 1.1 Conjurations
 + Level 1.0 Summonings
 + Level 1.0 Translocations


You had 3 spell levels left.
You knew the following spells:

 Your Spells              Type           Power        Failure   Level  Hunger
a - Magic Dart            Conj           #...         10%         1    None
b - Call Imp              Summ           #.......     16%         2    ##.....
c - Blink                 Tloc           N/A          16%         2    ##.....

Your spell library contained the following spells:

 Spells                   Type           Power        Failure   Level  Hunger
 Slow                     Hex            #.......     24%         2    ##.....
 Conjure Flame            Conj/Fire      #.......     36%         3    ###....
 Mephitic Cloud           Conj/Pois/Air  #.......     36%         3    ###....


Dungeon Overview and Level Annotations

Branches:
Dungeon (5/15)
 Temple: D:4-7

Altars:
Nemelex Xobeh
Okawaru
Trog
Vehumet

Annotations:
D:5 Grinder


Innate Abilities, Weirdness & Mutations

You cannot wear boots.
Your serpentine skin is tough. (AC +0)
You have supernaturally acute eyesight. (SInv)
Armour fits poorly on your strangely shaped body.
Your system is resistant to poisons. (rPois)
You cover ground very slowly.
You have a slow metabolism.
You can spit poison.


Message History

Grinder is lightly wounded.
Grinder hits you.
You writhe in agony.
Casting: Call Imp (safe; 16% risk of failure)
Confirm with . or Enter, or press ? or * to list all spells.
You don't have enough magic to cast that spell.
Casting: Call Imp (safe; 16% risk of failure)
Confirm with . or Enter, or press ? or * to list all spells.
You don't have enough magic to cast that spell.
You closely miss Grinder.
Grinder is lightly wounded.
Grinder hits you.
You writhe in agony.
You barely miss Grinder.
Grinder is lightly wounded.
Grinder barely misses you.
You hit Grinder.
Grinder is lightly wounded.
Grinder hits you!
Ouch! That really hurt!
You die...
Your body glows slightly and disappears.

##.## .... #. ... #.
... #.# #.# #.## #.#
#..## +#.#+
##...###.5.###..
#.......@8.......
#....###...###...
#...## +#.#+ . #..##
#.# #..# #.# . #..#
... .. #..####....
###.... #...........
.......
#.#####...###.#.....


You could see Grinder.

Vanquished Creatures
  2 dart slugs (D:1)
  A leopard gecko (D:1)
  2 bats (D:1)
  A giant cockroach (D:1)
  2 kobolds (D:1)
  3 goblins (D:1)
  3 rats
14 creatures vanquished.

Vanquished Creatures (collateral kills)
  A bat (D:1)
  A kobold (D:1)
2 creatures vanquished.

Grand Total: 16 creatures vanquished

Notes
Turn   | Place    | Note
-------+----------+-------------------------------------------
     0 | D:1      | Forecaster the Naga Wizard began the quest for the Orb.
     0 | D:1      | Reached XP level 1. HP: 15/15 MP: 4/4
   196 | D:1      | Reached XP level 2. HP: 6/22 MP: 0/6
   203 | D:1      | Learned a level 2 spell: Call Imp
   206 | D:1      | Learned a level 2 spell: Blink
   868 | D:2      | Found a faded altar of an unknown god.
   874 | D:2      | Became a worshipper of Nemelex Xobeh the Trickster
   874 | D:2      | Received a gift from Nemelex Xobeh
   874 | D:2      | Reached * piety under Nemelex Xobeh
   973 | D:2      | You fall into a shaft and drop 2 floors!
   973 | D:4      | Found a bloodstained altar of Trog.
   973 | D:4      | Found an iron altar of Okawaru.
   973 | D:4      | Found a radiant altar of Vehumet.
   986 | D:5      | Entered Level 5 of the Dungeon
  1018 | D:5      | Noticed Grinder
  1057 | D:5      | Slain by Grinder

Levels and vault maps discovered:
D:1:      co_arrival_square_in_a_square_in_a_square, layout_rooms, minivault_23
D:2:      layout_rooms, chequers_ecumenical_altar_simple_redux
D:4:      layout_rooms, nicolae_overflow_hidden_temple,
          minmay_temple_entry_junction, abandoned_shop, uniq_edmund
D:5:      cheibrodos_barr_body, layout_rooms, lemuel_round_altar, serial_shops,
          shop, uniq_grinder, uniq_menkaure

Action                   || total
-------------------------++-------
Melee: Dagger            ||    15
       Whip              ||    32
 Cast: Magic Dart        ||    26
       Call Imp          ||     6
  Use: Potion            ||     1
 Stab: Sleeping          ||     1
Armor: Robe              ||     6
Dodge: Dodged            ||    29

Table legend:
 A = Non-vault XP
 B = Vault XP
 C = Vault XP percentage of total XP
 D = Non-vault monster count
 E = Vault monster count
 F = Vault count percentage of total count
                 A         B        C        D         E       F
            +---------+---------+-------+---------+---------+-------
      Total |      30 |       0 |   0.0 |      16 |       0 |   0.0
            +---------+---------+-------+---------+---------+-------
        D:1 |      28 |       0 |   0.0 |      14 |       0 |   0.0
        D:2 |       2 |       0 |   0.0 |       2 |       0 |   0.0
            +---------+---------+-------+---------+---------+-------
